 Dungeon Crawl Stone Soup version 0.30.1-11-g7821555f0a (webtiles) character file.

Game seed: 12114100858052016153

1648 LowPressure the Slasher (level 8, -1/60 HPs)
             Began as a Demonspawn Gladiator on Dec 24, 2023.
             Was a Follower of Dithmenos.
             Succumbed to a killer bee's poison
             ... on level 6 of the Dungeon.
             The game lasted 00:13:01 (5523 turns).

LowPressure the Slasher (Demonspawn Gladiator)      Turns: 5523, Time: 00:13:02

Health: -1/60      AC: 10    Str: 18    XL:     8   Next: 67%
Magic:  8/8        EV: 14    Int:  9    God:    Dithmenos [*.....]
Gold:   343        SH:  5    Dex: 14    Spells: 7/7 levels left

rFire   x . .        a - +0 long sword
rCold   + . .        (no shield)
rNeg    . . .        u - +0 chain mail
rPois   .            (helmet restricted)
rElec   .            (no cloak)
rCorr   .            (gloves unavailable)
SInv    .            (no boots)
Will    .....        q - amulet of reflection Stlth
                     s - +5 ring of evasion
HPRegen 0.30/turn    t - ring of ice
MPRegen 0.11/turn

%: reflection, clarity
@: lethally poisoned (-1 -> -6), flying, wreathed by umbra
A: antennae 1, claws 3, demonic guardian 1, ignite blood 1, weakness stinger 1,
hooves 1, clarity
a: Renounce Religion


You were on level 6 of the Dungeon.
You worshipped Dithmenos.
Dithmenos was aware of your devotion.
You visited 1 branch of the dungeon, and saw 6 of its levels.

You collected 343 gold pieces.

Inventory:

Hand Weapons
 a - a +0 long sword (weapon)
Missiles
 d - 4 throwing nets (quivered)
 e - a javelin
Armour
 b - a +0 leather armour
 c - a +0 helmet
 j - a +0 scale mail
 u - a +0 chain mail (worn)
Jewellery
 q - an amulet of reflection (around neck)
 s - a +5 ring of evasion (left claw)
 t - a ring of ice (right claw)
 x - a ring of positive energy
Scrolls
 f - a scroll of fear {unknown}
 g - 2 scrolls of amnesia {unknown}
 h - a scroll of enchant weapon {unknown}
 i - 11 scrolls of identify {unknown}
 k - 2 scrolls of noise {unknown}
 n - a scroll of enchant armour {unknown}
 o - 2 scrolls of vulnerability {unknown}
 v - a scroll of immolation {unknown}
Potions
 p - a potion of flight
 r - a potion of ambrosia
 w - a potion of resistance {unknown}


   Skills:
 + Level 4.3 Fighting
 + Level 7.1 Long Blades
 + Level 1.7 Throwing
 + Level 5.5 Armour
 + Level 3.9 Dodging
 + Level 0.5 Stealth
 + Level 1.8 Shields


You had 7 spell levels left.
You didn't know any spells.
Your spell library contained the following spells:

 Spells                   Type           Power      Damage    Failure   Level
 Magic Dart               Conj           0%         1d3       98%         1
 Call Imp                 Summ           0%         N/A       99%         2
 Mephitic Cloud           Conj/Pois/Air  0%         N/A       100%        3
 Passage of Golubria      Tloc           0%         N/A       100%        4
 Silence                  Hex/Air        0%         N/A       100%        5
 Lehudib's Crystal Spear  Conj/Erth      0%         10d2      100%        8


Dungeon Overview and Level Annotations

Branches:
Dungeon (6/15)             Temple (0/1) D:5

Altars:
Ashenzari
Cheibriados
Dithmenos
Okawaru
Sif Muna
Wu Jian

Annotations:
D:2 exclusion: downstairs
D:3 Zigmund!!!, Sigmund


Innate Abilities, Weirdness & Mutations

You have a pair of small antennae on your head.
You have claws for hands.
A weak demonic guardian rushes to your aid.
Your demonic aura sometimes causes spilled blood to erupt in flames.
You have a small tail.
You have large cloven feet.
You possess an exceptional clarity of mind.


Message History

You hit the killer bee.
You kill the killer bee!
Dithmenos accepts your kill.
You feel sick.
You are no longer poisoned.
The killer bee stings you.
* * * LOW HITPOINT WARNING * * *
You are poisoned.
The killer bee poisons you!
You closely miss the killer bee.
You feel very sick.
The killer bee stings you but does no damage.
The killer bee closely misses you.
It was a potion of flight.
You feel very buoyant.
You fly up into the air.
You feel sick. The killer bee stings you.
* * * LOW HITPOINT WARNING * * *
A demonic guardian appears!
You are lethally poisoned!
The killer bee poisons you! The killer bee misses you.
* * * LOW HITPOINT WARNING * * *
You feel very sick. The killer bee barely misses you.
You swap places.
* * * LOW HITPOINT WARNING * * *
You feel sick.
The killer bee barely misses your quasit.
Your quasit closely misses the killer bee. x2
Your quasit barely misses the killer bee.
The killer bee stings your quasit but does no damage.
* * * LOW HITPOINT WARNING * * *
You feel sick. The killer bee stings your quasit!
Your quasit completely misses the killer bee.
Your quasit claws the killer bee.
Your quasit barely misses the killer bee.
The killer bee stings your quasit.
It was a potion of mutation.
You feel extremely strange.
Your thoughts seem clearer.
Your hands twist into claws.
Your feet thicken and deform.
You die...

###.###.....##.#
#.# #.....##.#
#.# #.....##.#
#.# #.....##.#
#.# #.....##.#
#.# ########.#
#.# #># #.# #@#
#.# #5# #y# #†#
#...y....
#########


You could see a killer bee (distracted, ally target) and a friendly quasit
(summoned).

Vanquished Creatures
  A sky beast (D:5)
  2 ice beasts
  2 ogres
  2 phantoms
  3 scorpions
  3 killer bees (D:6)
  A gnoll bouda (D:5)
  A jelly (D:6)
  4 iguanas
  Natasha (twice) (D:4)
  7 orc wizards (D:6)
  14 gnolls
  12 adders
  3 worms
  4 dart slugs
  2 orcs
  4 bats
  3 endoplasms
  3 giant cockroaches
  11 goblins
  2 hobgoblins
  2 quokkas
  6 ball pythons
  4 frilled lizards (D:1)
  3 kobolds
  7 rats
108 creatures vanquished.

Vanquished Creatures (collateral kills)
  An orc wizard (D:6)
  Natasha (D:4)
2 creatures vanquished.

Grand Total: 110 creatures vanquished

Notes
Turn   | Place    | Note
-------+----------+-------------------------------------------
     0 | D:1      | LowPressure the Demonspawn Gladiator began the quest for
                  | the Orb.
     0 | D:1      | Reached XP level 1. HP: 16/16 MP: 1/1
   222 | D:1      | Found a faded altar of an unknown god.
   334 | D:1      | Discovered your monstrous ancestry.
   334 | D:1      | Gained mutation: You have a small tail. [demonic ancestry]
   334 | D:1      | Reached XP level 2. HP: 22/22 MP: 2/2
   357 | D:1      | Reached skill level 3 in Long Blades
  1016 | D:2      | Found a shimmering blue altar of Sif Muna.
  1067 | D:2      | Gained mutation: Your demonic aura sometimes causes spilled
                  | blood to erupt in flames. [demonic ancestry]
  1067 | D:2      | Reached XP level 3. HP: 27/27 MP: 3/3
  1298 | D:2      | Gained mutation: You have a pair of small antennae on your
                  | head. [demonic ancestry]
  1298 | D:2      | Reached XP level 4. HP: 22/34 MP: 4/4
  1447 | D:2      | Reached skill level 1 in Armour
  1946 | D:3      | Noticed Sigmund
  1947 | D:3      | Noticed a phantom
  2015 | D:4      | Found a broken altar of Ashenzari.
  2024 | D:4      | Killed a phantom
  2025 | D:4      | Reached skill level 4 in Long Blades
  2025 | D:4      | Gained mutation: A weak demonic guardian rushes to your
                  | aid. [demonic ancestry]
  2025 | D:4      | Reached XP level 5. HP: 20/40 MP: 5/5
  2457 | D:4      | Gained mutation: You have sharp fingernails. [demonic
                  | ancestry]
  2457 | D:4      | Reached XP level 6. HP: 46/46 MP: 6/6
  2481 | D:4      | Reached skill level 5 in Long Blades
  2563 | D:4      | Noticed Natasha
  2572 | D:4      | Killed Natasha
  2769 | D:4      | Found a snail-covered altar of Cheibriados.
  2803 | D:4      | Found a shadowy altar of Dithmenos.
  2859 | D:4      | Noticed Natasha
  2867 | D:4      | Killed Natasha
  3075 | D:4      | Noticed Natasha
  3084 | D:4      | Killed Natasha
  3153 | D:4      | Became a worshipper of Dithmenos the Shadowed
  3173 | D:5      | Entered Level 5 of the Dungeon
  3198 | D:5      | Reached XP level 7. HP: 52/52 MP: 7/7
  3244 | D:5      | Found an ornate altar of the Wu Jian Council.
  3474 | D:5      | Found a staircase to the Ecumenical Temple.
  3475 | D:5      | Found an iron altar of Okawaru.
  3715 | D:5      | Reached skill level 6 in Long Blades
  3784 | D:5      | Gained mutation: You have very sharp fingernails. [demonic
                  | ancestry]
  3784 | D:5      | Reached XP level 8. HP: 50/60 MP: 8/8
  4028 | D:5      | Reached skill level 1 in Shields
  4863 | D:6      | Reached * piety under Dithmenos
  5269 | D:6      | Reached skill level 7 in Long Blades
  5337 | D:6      | Reached skill level 5 in Armour
  5521 | D:6      | HP: 3/60 [poisoned by a killer bee]
  5522 | D:6      | HP: 1/60 [poisoned by a killer bee]
  5523 | D:6      | Gained mutation: You possess an exceptional clarity of
                  | mind. [potion of mutation]
  5523 | D:6      | Gained mutation: You have claws for hands. [potion of
                  | mutation]
  5523 | D:6      | Gained mutation: You have large cloven feet. [potion of
                  | mutation]
  5523 | D:6      | Succumbed to a killer bee's poison

Illustrated notes

Levels and vault maps discovered:
D:1:      dpeg_arrival_shrine, layout_basic, ebering_ecumenical_altar_webs,
          serial_bayou, serial_bayou_pond_c, serial_bayou_lake_a,
          serial_bayou_shore_a, serial_bayou_pond_b, serial_bayou_ford_a,
          serial_bayou_pond_d, wander_ebering_terrifying_dragon_lair
D:2:      layout_basic, basic_altar, chequers_serial_rivers_micro_e,
          guppyfry_early_lair_pool
D:3:      layout_loops_ring, trog_butcher_becter, jmf_multi_god_temple2,
          serial_shops, nicolae_shop_tiny_glass, uniq_grinder, uniq_sigmund,
          uniq_crazy_yiuf_cottage
D:4:      layout_cave_pools, mainiacjoe_overflow_chevrons, lemuel_tele_altar,
          kennysheep_slug_shrine, st_stairs_7, minmay_misc_feat_rows,
          uniq_natasha
D:5:      layout_layer_cave, overflow_temple_1_default,
          mainiacjoe_overflow_cross_hatched, minmay_temple_entry_offerings
D:6:      minmay_flawed_box, layout_basic, gammafunk_ghost_split

Skill      XL: |  1  2  3  4  5  6  7  8 |
---------------+-------------------------+-----
Dodging        | 3 |  3.9
Long Blades    | 3 4 5 6 7 |  7.1
Armour         | 1 2 3 4 5 |  5.5
Fighting       | 3 4 |  4.3
Shields        | 1 |  1.8
Throwing       | |  1.7
Stealth        | |  0.5

Action                     |  1- 3 |  4- 6 |  7- 9 || total
---------------------------+-------+-------+-------++-------
  Melee: Long sword        |    86 |   165 |   220 ||   471
         Tailslap          |     7 |    20 |    26 ||    53
         Punch             |       |     3 |     2 ||     5
    Use: Potion            |       |     4 |     3 ||     7
   Stab: Sleeping          |     1 |       |       ||     1
 Armour: Leather armour    |    28 |       |       ||    28
         Scale mail        |    15 |    35 |       ||    50
         Chain mail        |       |    40 |   107 ||   147
  Dodge: Dodged            |    65 |    99 |   139 ||   303
  Block: Other             |       |     5 |    48 ||    53
